 Dungeon Crawl Stone Soup version 0.23.2-1-ga50397a (webtiles) character file.

Game seed: 9173421380738161879

107 GuyDeFluk the Sneak (level 4, 0/21 HPs)
             Began as a Spriggan Enchanter on Apr 18, 2019.
             Slain by an adder (1 damage)
             ... on level 3 of the Dungeon on Apr 19, 2019.
             The game lasted 00:23:04 (2560 turns).

GuyDeFluk the Sneak (Spriggan Enchanter)            Turns: 2560, Time: 00:23:05

Health: 0/21       AC:  2    Str:  5    XL:     4   Next: 57%
Magic:  9/9        EV: 18    Int: 16    God:
Gold:   69         SH:  0    Dex: 16    Spells: 7/8 levels left

rFire    . . .     SeeInvis +   a - +2 dagger
rCold    . . .     Gourm    .   (shield restricted)
rNeg     . . .     Faith    .   b - +0 robe
rPois    .         Spirit   .   (helmet restricted)
rElec    .         Reflect  .   (no cloak)
rCorr    .         Harm     .   (gloves unavailable)
MR       .....                  (boots unavailable)
Stlth    +++.......             (no amulet)
HPRegen  0.07/turn              (no ring)
MPRegen  0.11/turn              (no ring)

@: lethally poisoned (0 -> -9), very slightly contaminated, invisible, very
quick
A: very small, unfitting armour, see invisible, herbivore, speed 3, slow
metabolism 2
a: no special abilities


You were on level 3 of the Dungeon.
You were not hungry.

You visited 1 branch of the dungeon, and saw 4 of its levels.

You collected 69 gold pieces.

Inventory:

Hand Weapons
 a - a +2 dagger (weapon)
Armour
 b - a +0 robe (worn)
 f - a +0 buckler
 g - a +0 pair of boots
Jewellery
 j - a cursed ring of teleportation
 n - a cursed ring of teleportation
 o - an uncursed ring of protection from fire {unknown}
Scrolls
 c - a scroll of fear {unknown}
 k - a scroll of noise
 p - a scroll of remove curse {unknown}
Potions
 e - a potion of brilliance
 i - 2 potions of curing {unknown}
Comestibles
 d - 3 rations


   Skills:
 + Level 3.6 Short Blades
 - Level 3.0 Dodging
 + Level 6.5 Stealth
 - Level 2.6 Spellcasting
 - Level 3.6 Hexes


You had 7 spell levels left.
You knew the following spells:

 Your Spells              Type           Power        Failure   Level  Hunger
a - Corona                Hex            ##.....      4%          1    #......

Your spell library contained the following spells:

 Spells                   Type           Power        Failure   Level  Hunger
 Confuse                  Hex            ##......     13%         3    ###....
 Tukima's Dance           Hex            ##......     13%         3    ###....
 Ensorcelled Hibernation  Hex/Ice        #.....       14%         2    ##.....
 Dazzling Spray           Conj/Hex       #.....       28%         3    ###....


Dungeon Overview and Level Annotations

Branches:
Dungeon (4/15)
 Temple: D:4-7

Altars:
Xom

Shops:
D:4 }

Annotations:
D:3 Robin


Innate Abilities, Weirdness & Mutations

You are very small and have problems with some larger weapons.
You are too small for most types of armour.
You have supernaturally acute eyesight. (SInv)
You are a herbivore.
You cover ground extremely quickly.
You need to consume almost no food.


Message History

* * * LOW HITPOINT WARNING * * *
You feel sick.
The hobgoblin hits you but does no damage.
The adder completely misses you.
As you read the scroll labeled YNTOTE MYESH, it crumbles to dust.
It is a scroll of enchant weapon.
Your +1 dagger glows red for a moment.
* * * LOW HITPOINT WARNING * * *
You feel sick. The adder closely misses you.
The hobgoblin hits you with a +0 club.
* * * LOW HITPOINT WARNING * * *
You barely miss the adder.
The adder is lightly wounded.
The adder completely misses you. The hobgoblin closely misses you.
You miss the adder.
The adder is lightly wounded.
* * * LOW HITPOINT WARNING * * *
You feel sick. The adder bites you.
You die...

r.........#.#.....#####
######.....gg.g_......#
#....###.)...#o#.#
#...g# #.....#.#.##
.......# ###g###o#..##
######.# #gg.g.#...+
#.# #o######.## #!g
#g#.# #.# #g.# #.@.#
#.# ###S# #.## .# #..#
##.# ##.# ....#####.##
#...o.!....#
#..........##
#...........#
#.......l.#.#


You could see Robin, an orc wizard (wandering), an adder, an orc, 2 hobgoblins
and a goblin (wandering).

Vanquished Creatures
  A scorpion (D:4)
  Terence (D:2)
  A worm (D:2)
  A dart slug (D:1)
  A leopard gecko (D:1)
  3 orcs
  2 bats
  A giant cockroach (D:2)
  3 goblins
  2 hobgoblins
  3 jackals (D:1)
  A kobold (D:1)
  4 frilled lizards
  2 rats
26 creatures vanquished.

Notes
Turn   | Place    | Note
-------+----------+-------------------------------------------
     0 | D:1      | GuyDeFluk the Spriggan Enchanter began the quest for the
                  | Orb.
     0 | D:1      | Reached XP level 1. HP: 9/9 MP: 5/5
   852 | D:1      | Reached XP level 2. HP: 11/13 MP: 6/6
  1311 | D:1      | Reached skill level 5 in Stealth
  1907 | D:2      | Noticed Terence
  1966 | D:2      | Killed Terence
  1966 | D:2      | Reached XP level 3. HP: 16/16 MP: 8/8
  2335 | D:2      | You fall through a shaft for 2 floors!
  2335 | D:4      | Found Yliedweu's Gadget Shop.
  2393 | D:4      | Noticed a scorpion
  2399 | D:4      | Killed a scorpion
  2399 | D:4      | Reached skill level 6 in Stealth
  2399 | D:4      | Reached XP level 4. HP: 21/21 MP: 9/9
  2459 | D:3      | Found a shimmering altar of Xom.
  2477 | D:3      | Noticed Robin
  2559 | D:3      | HP: 1/21 [poisoned by an adder]
  2560 | D:3      | Slain by an adder

Skill      XL: |  1  2  3 |
---------------+----------+-----
Short Blades   | 2 3 |  3.6
Stealth        | 5 6 |  6.5
Dodging        | |  3.0
Spellcasting   | |  2.6
Hexes          | |  3.6

Action                   |  1- 3 |  4- 6 || total
-------------------------+-------+-------++-------
Melee: Dagger            |   117 |     4 ||   121
  Use: Scroll            |     3 |     3 ||     6
       Potion            |       |     1 ||     1
 Stab: Sleeping          |     9 |     1 ||    10
       Distracted        |     2 |       ||     2
Armor: Robe              |    20 |     1 ||    21
Dodge: Dodged            |   125 |    11 ||   136
